 Dungeon Crawl Stone Soup version 0.29.0-4-gdea44cf6ec (webtiles) character file.

Game seed: 6307814659579735273

190 qw the Chopper (level 5, -1/36 HPs)
             Began as a Tengu Warper on Aug 28, 2022.
             Killed by divine providence
             ... invoked by an orc priest
              (16 damage)
             ... on level 4 of the Dungeon.
             The game lasted 00:00:16 (2771 turns).

qw the Chopper (Tengu Warper)                       Turns: 2771, Time: 00:00:16

Health: -1/36      AC:  5    Str: 13    XL:     5   Next: 69%
Magic:  9/9        EV: 13    Int: 14    God:
Gold:   61         SH:  0    Dex: 13    Spells: 8/8 levels left

rFire   . . .      SeeInvis .   Y - +0 hand axe
rCold   . . .      Faith    .   (no shield)
rNeg    . . .      Spirit   .   c - +0 ring mail
rPois   .          Reflect  .   (helmet restricted)
rElec   .          Harm     .   j - scarf {repulsion}
rCorr   +          Rampage  .   (no gloves)
Will    .....                   (boots unavailable)
Stlth   +.........              l - amulet of regeneration
HPRegen 0.92/turn               e - ring of resist corrosion
MPRegen 0.11/turn               (no ring)

@: flying quickly and evasively, repel missiles, quick
A: beak, talons 3, nimble flight, robust 2
a: no special abilities


You were on level 4 of the Dungeon.
You visited 1 branch of the dungeon, and saw 4 of its levels.

You collected 193 gold pieces.
You spent 132 gold pieces at shops.


Innate Abilities, Weirdness & Mutations

You have a beak for a mouth.
You have claws for feet.
Your magical nature lets you fly swiftly and evasively.
You are very robust. (+20% HP)


   Skills:
 - Level 2.0 Fighting
 + Level 6.3 Axes
 - Level 1.0 Throwing
 - Level 1.1 Armour
 - Level 2.1 Dodging
 - Level 2.0 Spellcasting
 - Level 2.4 Translocations


You had 8 spell levels left.
You didn't know any spells.
Your spell library contained the following spells:

 Spells                   Type           Power      Damage    Failure   Level
 Blink                    Tloc           16%        N/A       28%         2
 Gell's Gravitas          Tloc           8%         N/A       50%         3
 Lesser Beckoning         Tloc           8%         N/A       50%         3
 Teleport Other           Tloc           8%         N/A       50%         3
 Manifold Assault         Tloc           8%         N/A       99%         5

Inventory:

Hand Weapons
 f - a +0 whip
 Y - a +0 hand axe (weapon)
Armour
 c - a +0 ring mail (worn)
 j - a scarf of repulsion (worn)
Jewellery
 a - the amulet of Muxt {Spirit Harm Rampage Dex-5 SInv}
   (You acquired it on level 1 of the Dungeon)

   [amulet of guardian spirit]

   It causes incoming damage to be divided between your reserves of health and
   magic.
   Dex:       It affects your dexterity (-5).
   SInv:      It lets you see invisible.
   Harm:      It increases damage dealt and taken.
   Rampage:   It bestows one free step when moving towards enemies.
 e - a ring of resist corrosion (left hand)
 l - an amulet of regeneration (around neck)
Scrolls
 b - 2 scrolls of identify
Potions
 d - a potion of curing {unknown}
 g - a potion of haste {unknown}
 h - a potion of heal wounds {unknown}
 i - a potion of magic {unknown}
 k - 3 potions of brilliance {unknown}
 o - a potion of flight {unknown}
 p - a potion of might {unknown}

Dungeon Overview and Level Annotations

Branches:
Dungeon (4/15)
 Temple: D:4-7

Altars:
Vehumet

Shops:
D:1 (   D:3 [


Message History

The orc priest hits you with a +0 club.
You hit the orc priest but do no damage.
The orc priest is severely wounded.
The orc priest hits you but does no damage.
You hit the orc priest. Your kick misses the orc priest.
Your peck misses the orc priest.
The orc priest is severely wounded.
The orc priest mumbles some strange prayers to Beogh against you.
You barely resist.
You hit the orc priest but do no damage.
The orc priest is severely wounded.
The orc priest casts a cantrip, but nothing happens.
You hit the orc priest but do no damage.
You claw the orc priest.
You kill the orc priest!
You start resting.
HP restored.
Items here: %% )).
k - 3 dark potions (gained 2)
An orc comes into view. It is wielding a +0 trident.
The orc shouts!
2765 ||| Stepping ~*~*~tactically~*~*~ (hiding).
You start waiting.
An orc is nearby!
An orc comes into view. It is wielding a +0 falchion.
The gnoll bouda shouts!
The orc shouts!
You hear a shout!
The orc completely misses you.
The orc priest shouts!
The orc hits you with a +0 trident.
You hit the orc but do no damage. You claw the orc, but do no damage.
The orc priest invokes the aid of Beogh against you.
Beogh smites you! The orc closely misses you.
You closely miss the orc. You claw the orc.
The orc is lightly wounded.
The orc hits you with a +0 trident.
You hit the orc but do no damage. You claw the orc. Your peck misses the orc.
The orc is heavily wounded.
The orc priest mumbles some strange prayers to Beogh against you.
Beogh smites you!
You die...

# #g# ... ... #....##g#
# .. #... #.# ## ...
#... #)# #. ...##...##.#
##. . ....:..o).### #..
... #..####%(.# ##..
.....#o......#.#### #...
..o.go.@.#...#....###...
.....###.....####..##..#
### #..##))####.....#
#..###.....#....# #..#
#####..~..## #..#
##..~))## ...#
##...~#.## #...#
#..~~~.... #...#
#..~.~..##


You could see a gnoll bouda, an orc priest and 2 orcs.

Vanquished Creatures
  An orc priest (D:4)
  Ijyb (D:3)
  2 adders
  5 gnolls (D:4)
  A worm (D:2)
  2 dart slugs
  6 orcs
  4 bats
  3 endoplasms
  6 giant cockroaches
  5 goblins
  4 hobgoblins
  3 quokkas
  6 ball pythons
  2 kobolds
  3 rats
54 creatures vanquished.

Notes
Turn   | Place    | Note
-------+----------+-------------------------------------------
     0 | D:1      | qw the Tengu Warper began the quest for the Orb.
     0 | D:1      | Reached XP level 1. HP: 12/12 MP: 4/4
     0 | D:1      | 0 ||| qw: Version: 0.1-a-89-g26bdef1
     0 | D:1      | 0 ||| qw: Game counter: 1940
     0 | D:1      | 0 ||| qw: Always use a shield: true
     0 | D:1      | 0 ||| qw: God list: Okawaru
     0 | D:1      | 0 ||| qw: Allow faded altars: false
     0 | D:1      | 0 ||| qw: Do Orc after D:15 true
     0 | D:1      | 0 ||| qw: Do second Lair branch before Depths: true
     0 | D:1      | 0 ||| qw: Lair rune preference: random
     0 | D:1      | 0 ||| qw: Plans: Normal
     0 | D:1      | 0 ||| PLANNING D:1-11
   133 | D:1      | Found Erphamna's Weapon Shoppe.
   146 | D:1      | 146 ||| SHOPLISTING +0 war axe (35 gold, have 22).
   207 | D:1      | Reached XP level 2. HP: 13/17 MP: 6/6
   356 | D:1      | Reached skill level 3 in Axes
  1098 | D:1      | 1098 ||| UPGRADING to amulet of regeneration.
  1103 | D:1      | 1103 ||| UPGRADING to ring of resist corrosion.
  1104 | D:1      | 1104 ||| READING scroll labelled JAAFFE WETU.
  1105 | D:1      | 1105 ||| READING scroll labelled LIONIVV KOIQ.
  1105 | D:1      | Identified a scroll of acquirement
  1105 | D:1      | 1105 ||| ACQUIRING amulet of Muxt {Spirit Harm Rampage
                  | Dex-5 SInv}
  1105 | D:1      | Acquired the amulet of Muxt {Spirit Harm Rampage Dex-5
                  | SInv}
  1107 | D:1      | 1107 ||| READING scroll labelled SAV KAK MOAKHLOME.
  1108 | D:1      | 1108 ||| DROPPING scroll of blinking.
  1170 | D:2      | Found a radiant altar of Vehumet.
  1288 | D:2      | Reached XP level 3. HP: 18/21 MP: 7/7
  1497 | D:2      | Reached skill level 4 in Axes
  1904 | D:2      | 1904 ||| UPGRADING to +0 ring mail.
  1914 | D:2      | 1914 ||| DROPPING +0 leather armour.
  1915 | D:2      | 1915 ||| DROPPING orb of energy.
  1916 | D:2      | 1916 ||| READING 2 scrolls labelled LUOSEY GUUKK.
  1917 | D:2      | 1917 ||| READING scroll labelled ALINU SASE.
  2018 | D:2      | 2018 ||| READING scroll labelled TUPLIPREIK.
  2019 | D:2      | 2019 ||| READING 2 scrolls labelled LONENOSIESCH.
  2024 | D:2      | 2024 ||| DROPPING scroll of fear.
  2099 | D:3      | Found Acisheem's Armour Boutique.
  2129 | D:3      | 2129 ||| SHOPLISTING +2 scale mail of poison resistance
                  | (198 gold, have 148).
  2129 | D:3      | 2129 ||| BUYING scarf of repulsion (132 gold).
  2129 | D:3      | Bought a scarf of repulsion for 132 gold pieces
  2221 | D:3      | 2221 ||| Stepping ~*~*~tactically~*~*~ (stealth).
  2224 | D:3      | 2224 ||| Stepping ~*~*~tactically~*~*~ (stealth).
  2231 | D:3      | Found a faded altar of an unknown god.
  2240 | D:3      | Reached XP level 4. HP: 22/26 MP: 8/8
  2353 | D:3      | Noticed Ijyb
  2354 | D:3      | 2354 ||| Stepping ~*~*~tactically~*~*~ (hiding).
  2395 | D:3      | Killed Ijyb
  2396 | D:3      | Reached skill level 5 in Axes
  2520 | D:3      | 2520 ||| UPGRADING to scarf of repulsion.
  2525 | D:3      | 2525 ||| DROPPING amulet of the acrobat.
  2526 | D:3      | 2526 ||| READING 2 scrolls labelled WUARUA DAYMM.
  2527 | D:3      | 2527 ||| DRINKING 2 black potions.
  2527 | D:3      | Gained mutation: You have hidden genetic potential. [potion
                  | of mutation]
  2527 | D:3      | Gained mutation: You sometimes lose your temper in combat.
                  | [potion of mutation]
  2528 | D:3      | 2528 ||| DRINKING potion of mutation.
  2528 | D:3      | Lost mutation: You have hidden genetic potential. [potion
                  | of mutation]
  2528 | D:3      | Lost mutation: You sometimes lose your temper in combat.
                  | [potion of mutation]
  2528 | D:3      | Gained mutation: You are robust. (+10% HP) [potion of
                  | mutation]
  2528 | D:3      | Gained mutation: You are very robust. (+20% HP) [potion of
                  | mutation]
  2600 | D:4      | 2600 ||| Stepping ~*~*~tactically~*~*~ (stealth).
  2645 | D:4      | 2645 ||| Stepping ~*~*~tactically~*~*~ (hiding).
  2665 | D:4      | Gained mutation: Your magical nature lets you fly swiftly
                  | and evasively. [Tengu growth]
  2665 | D:4      | Reached XP level 5. HP: 12/36 MP: 9/9
  2665 | D:4      | HP: 6/36 [gnoll/+0 spear[a gnoll bouda] (6)]
  2666 | D:4      | 2666 ||| READING 2 scrolls of teleportation.
  2672 | D:4      | 2672 ||| READING scroll of teleportation.
  2673 | D:4      | HP: 5/36 [hound (4)]
  2732 | D:4      | 2732 ||| Stepping ~*~*~tactically~*~*~ (hiding).
  2734 | D:4      | 2734 ||| Stepping ~*~*~tactically~*~*~ (hiding).
  2741 | D:4      | Reached skill level 6 in Axes
  2765 | D:4      | 2765 ||| Stepping ~*~*~tactically~*~*~ (hiding).
  2771 | D:4      | Killed from afar by an orc priest

Levels and vault maps discovered:
D:1:      dpeg_arrival_boxorama, layout_loops_corners, serial_shops, shop
D:2:      layout_loops_ring, basic_altar, chequers_avenue
D:3:      layout_rooms, ebering_ecumenical_altar_rust, serial_shops, shop,
          uniq_ijyb
D:4:      layout_rooms, pdpol_temple_overflow_zin_treasury_gozag_greed,
          chequers_serial_rivers_micro_e

Skill      XL: |  1  2  3  4  5 |
---------------+----------------+-----
Axes           | 3 4 5 6 |  6.3
Fighting       | |  2.0
Throwing       | |  1.0
Armour         | |  1.1
Dodging        | |  2.1
Spellcasting   | |  2.0
Translocations | |  2.4

Action                   |  1- 3 |  4- 6 || total
-------------------------+-------+-------++-------
Melee: Hand axe          |    77 |    78 ||   155
       Kick              |    17 |    29 ||    46
       Peck              |    10 |    11 ||    21
       Punch             |       |     1 ||     1
Throw: Boomerang         |     7 |       ||     7
  Use: Scroll            |     7 |     3 ||    10
       Potion            |       |     2 ||     2
Armor: Leather armour    |    17 |       ||    17
       Ring mail         |     6 |    23 ||    29
Dodge: Dodged            |    40 |    52 ||    92

Table legend:
 A = Non-vault XP
 B = Vault XP
 C = Vault XP percentage of total XP
 D = Non-vault monster count
 E = Vault monster count
 F = Vault count percentage of total count
                 A         B        C        D         E       F
            +---------+---------+-------+---------+---------+-------
      Total |     236 |      36 |  13.2 |      53 |       1 |   1.9
            +---------+---------+-------+---------+---------+-------
        D:1 |      28 |       0 |   0.0 |      17 |       0 |   0.0
        D:2 |      24 |       0 |   0.0 |      10 |       0 |   0.0
        D:3 |      38 |      36 |  48.6 |      13 |       1 |   7.1
        D:4 |     146 |       0 |   0.0 |      13 |       0 |   0.0
            +---------+---------+-------+---------+---------+-------
